 Dungeon Crawl Stone Soup version 0.30-a0-883-g5ad918d77d (webtiles) character file.

Game seed: 8952667501771189834

78 bande the Shield-Bearer (level 4, 0/29 HPs)
             Began as a Gargoyle Fighter on Mar 18, 2023.
             Slain by a kobold
             ... wielding a +0 whip
              (3 damage)
             ... on level 3 of the Dungeon.
             The game lasted 00:01:39 (1265 turns).

bande the Shield-Bearer (Gargoyle Fighter)          Turns: 1265, Time: 00:01:40

Health: 0/29       AC: 10    Str: 19    XL:     4   Next: 36%
Magic:  4/4        EV:  9    Int:  9    God:
Gold:   166        SH:  0    Dex: 11    Spells: 3/3 levels left

rFire   . . .      SeeInvis .    a - +0 war axe
rCold   . . .      Faith    .    c - +0 buckler
rNeg    + . .      Spirit   .    b - +0 scale mail
rPois   ∞          Reflect  .    (no helmet)
rElec   +          Rampage  .    (no cloak)
rCorr   .                        (no gloves)
Will    .....                    (no boots) Stlth
                                 (no amulet)
HPRegen 0.24/turn                (no ring)
MPRegen 0.09/turn                (no ring)

@: confused
A: sickness immunity, AC +3, negative energy resistance 1, electricity
resistance, torment resistance 1, petrification resistance
a: no special abilities


You were on level 3 of the Dungeon.
You visited 1 branch of the dungeon, and saw 3 of its levels.

You collected 166 gold pieces.

Inventory:

Hand Weapons
 a - a +0 war axe (weapon)
Armour
 b - a +0 scale mail (worn)
 c - a +0 buckler (worn)
Scrolls
 e - 2 scrolls of brand weapon {unknown}
 g - a scroll of poison {unknown}
 h - a scroll of teleportation {unknown}
 i - a scroll of vulnerability {unknown}
Potions
 d - a potion of might
 f - 3 potions of curing {unknown}
 j - a potion of flight {unknown}
 k - a potion of attraction {unknown}


   Skills:
 + Level 3.7 Fighting
 + Level 3.0 Axes
 + Level 3.7 Armour
 - Level 0.2 Stealth
 + Level 3.9 Shields


You had 3 spell levels left.
You didn't know any spells.
Your spell library contained the following spells:

 Spells                   Type           Power      Damage    Failure   Level
 Magic Dart               Conj           0%         1d3       83%         1
 Searing Ray              Conj           0%         2d4       93%         2
 Fulminant Prism          Conj/Hex       0%         3d5       100%        4


Dungeon Overview and Level Annotations

Branches:
Dungeon (3/15)

Altars:


Innate Abilities, Weirdness & Mutations

You are immune to sickness and miasma.
Your stone body is resilient. (AC +3)
You are immune to poison.
You resist negative energy. (rN+)
You are resistant to electric shocks. (rElec)
You are resistant to unholy torment.
You are immune to petrification.


Message History

You kill the rat!
You closely miss the orc. You closely miss the kobold.
You hit the orc but do no damage. The orc hits you with a +0 whip.
The orc barely misses you. The kobold hits you but does no damage.
An orc comes into view. It is wielding a +0 club.
Unknown command.
You barely miss something. You closely miss the kobold. You hit the orc.
You hit the orc but do no damage.
You hear some strange, mumbled words.
You are confused.
The kobold hits you but does no damage. The orc closely misses you.
The orc barely misses you.
You closely miss the orc.
The orc is heavily wounded.
You hit the orc but do no damage. You closely miss the kobold.
You miss something.
The orc priest calls down the wrath of Beogh upon you.
Beogh smites you! The kobold hits you with a +0 whip.
The orc hits you with a +0 hand axe.
* * * LOW HITPOINT WARNING * * *
The orc barely misses you. The kobold hits you but does no damage.
The orc hits you but does no damage.
You closely miss the orc.
The orc is heavily wounded.
You closely miss something. You barely miss the kobold.
You closely miss the orc. Something hits you.
* * * LOW HITPOINT WARNING * * *
The orc hits you but does no damage. The orc completely misses you.
The kobold hits you but does no damage.
You bump into the rock wall.
You hear some strange, mumbled words.
A puff of flame appears from out of thin air!
The puff of flame misses you. The orc hits you but does no damage. x2
The kobold closely misses you.
Unknown command.
You slash the orc!
You kill the orc!
You closely miss the kobold. You miss the orc.
You hit something but do no damage. The kobold hits you with a +0 whip.
You die...

.# #.# #.# #.# #
#.#.####
#####.#.....
####ooo{.......
...ooo)@K#
....o###.#
##########.#
...........####
########......##
##.#........
#...###.....
###...########
..#####.......#


You could see an orc priest, 6 orcs and a kobold.

Vanquished Creatures
  4 adders (D:2)
  A dart slug (D:1)
  2 orcs
  3 endoplasms
  3 giant cockroaches
  5 goblins
  A hobgoblin (D:2)
  4 jackals (D:1)
  A quokka (D:2)
  A ball python (D:1)
  A bat (D:2)
  4 frilled lizards
  5 kobolds
  6 rats
41 creatures vanquished.

Notes
Turn   | Place    | Note
-------+----------+-------------------------------------------
     0 | D:1      | bande the Gargoyle Fighter began the quest for the Orb.
     0 | D:1      | Reached XP level 1. HP: 14/14 MP: 1/1
   246 | D:1      | Reached XP level 2. HP: 17/19 MP: 2/2
   267 | D:1      | Found a faded altar of an unknown god.
   701 | D:2      | Reached XP level 3. HP: 24/24 MP: 3/3
   833 | D:2      | Reached XP level 4. HP: 29/29 MP: 4/4
  1265 | D:3      | Slain by a kobold

Illustrated notes

Levels and vault maps discovered:
D:1:      lightli_arrival_lavapool, layout_basic,
          hellmonk_ecumenical_altar_defaced_shrine
D:2:      layout_rooms, serial_glass, glass_columns_c, glass_columns_a,
          glass_columns_a, glass_columns_b, glass_columns_b, glass_columns_a,
          glass_columns_b, glass_columns_a
D:3:      layout_loops_ring, mainiacjoe_overflow_paths,
          grunt_temple_overflow_open, nicolae_ashenzari_panopticon,
          gup_sewer_entry_glass

Skill      XL: |  1  2  3  4 |
---------------+-------------+-----
Axes           | 2 3 |  3.0
Fighting       | |  3.7
Armour         | |  3.7
Stealth        | |  0.2
Shields        | |  3.9

Action                     |  1- 3 |  4- 6 || total
---------------------------+-------+-------++-------
  Melee: War axe           |    69 |    31 ||   100
 Armour: Scale mail        |    68 |    26 ||    94
  Dodge: Dodged            |    55 |    14 ||    69
  Block: Buckler           |    22 |     5 ||    27

Table legend: (Time is in decaauts)
 A = Elapsed time spent in this place.
 B = Non-inter-level travel time spent in this place.
 C = Inter-level travel time spent in this place.
 D = Time resting spent in this place.
 E = Time spent auto-exploring this place.
 F = Levels seen in this place.
 G = Mean time per level.
                   A        B        C        D        E       F      G
               +--------+--------+--------+--------+--------+-----+--------+
         Total |   1306 |   1248 |     58 |      0 |    993 |   3 |  435.3 |
       Dungeon |   1306 |   1248 |     58 |      0 |    993 |   3 |  435.3 |
               +--------+--------+--------+--------+--------+-----+--------+

Top non-repeatable levels by time:
     D:1: 704 daAuts
     D:2: 505 daAuts
     D:3: 97 daAuts
